 Dungeon Crawl Stone Soup version 0.27-a0-1272-g7c8ad2e407 (webtiles) character file.

Game seed: 16789427277599860592

59101 MordorOrchid the Thaumaturge (level 14, -1/113 HPs)
             Began as a Red Draconian Ice Elementalist on Dec 2, 2020.
             Was an Initiate of Ashenzari.
             Slain by a wolf spider (14 damage)
             ... on level 1 of the Spider Nest on June 11, 2021.
             The game lasted 02:50:42 (28672 turns).

MordorOrchid the Thaumaturge (DrIE)                Turns: 28672, Time: 02:50:43

Health: -1/113     AC: 12    Str: 10    XL:     14   Next: 51%
Magic:  36/38      EV: 15    Int: 24    God:    Ashenzari [......]
Gold:   1212       SH:  5    Dex: 14    Spells: 6/36 levels left

rFire    + . .     SeeInvis +     - Unarmed
rCold    . . .     Faith    .   l - +0 buckler
rNeg     . . .     Spirit   .   (armour unavailable)
rPois    .         Reflect  .   L - +2 hat
rElec    .         Harm     .   x - scarf {+Inv}
rCorr    .         Rampage  +   d - +2 pair of gloves {archery}
Will     +....                  N - +2 pair of boots {rampage}
Stlth    ++........             (no amulet)
HPRegen  0.28/turn              Z - ring "Luor" {*Corrode Int+5 Slay+3 SInv}
MPRegen  0.26/turn              w - ring of magical power

@: corroded, freezing walls, studying Maces & Flails
A: breathe fire, AC +8, unfitting armour, fire resistance 1, cold-blooded
a: Breathe Fire, Renounce Religion, Evoke Invisibility


You were on level 1 of the Spider Nest.
You worshipped Ashenzari.
Ashenzari was noncommittal.
You visited 5 branches of the dungeon, and saw 23 of its levels.
You also visited: Gauntlet.

You collected 2749 gold pieces.
You spent 1537 gold pieces at shops.

Inventory:

Hand Weapons
 K - a +6 dagger of chaos
Missiles
 y - 18 javelins (quivered)
 O - 3 throwing nets
 Q - 10 boomerangs
Armour
 d - a +2 pair of gloves of archery (worn)
 l - a +0 buckler (worn)
 x - a scarf of invisibility (worn)
 L - a +2 hat (worn)
 N - a +2 pair of boots of rampaging (worn)
 S - a +0 kite shield
Jewellery
 k - the ring "Qizxoibb" {+Blink rElec AC+4 Int+2}
   (You found it on level 6 of the Lair of Beasts)

   [ring of protection]

   It affects your AC (+4).
   It affects your intelligence (+2).
   It insulates you from electricity.
   It lets you blink.
 n - a ring of protection from fire
 u - a +6 ring of strength
 w - a ring of magical power (right hand)
 B - a ring of wizardry
 V - a ring of poison resistance
 Z - the ring "Luor" (left hand) {*Corrode Int+5 Slay+3 SInv}
   (You found it in a Gauntlet)

   [ring of see invisible]

   It affects your intelligence (+5).
   It affects your accuracy and damage with ranged weapons and melee attacks
   (+3).
   It lets you see invisible.
   It may corrode you when you take damage.
Wands
 o - a wand of mindburst (10)
 p - a wand of paralysis (16)
 v - a wand of flame (25)
 M - a wand of iceblast (11)
 W - a wand of acid (6)
Scrolls
 b - 8 scrolls of removedness
 c - a scroll of magic mapping
 e - 17 scrolls of teleportation
 f - 2 scrolls of immolation
 j - 3 scrolls of fear
 m - 2 scrolls of fog
 r - a scroll of blinking
 I - a scroll of enchant armour
Potions
 a - 4 potions of lignification
 g - 6 potions of curing
 h - 2 potions of invisibility
 i - 3 potions of heal wounds
 A - a potion of magic
 D - 4 potions of haste
 F - a potion of ambrosia
 G - 3 potions of brilliance
 P - 3 potions of flight
 R - 2 potions of might
 Y - a potion of resistance
Miscellaneous
 s - a condenser vane


   Skills:
 * Level 7.4 Fighting
 * Level 8.2 Dodging
 - Level 1.7 Stealth
 * Level 5.0 Shields
 * Level 7.8 Unarmed Combat
 + Level 11.6 Spellcasting
 - Level 6.0 Conjurations
 - Level 7.7 Summonings
 - Level 2.0 Translocations
 - Level 7.4 Transmutations
 - Level 7.1 Fire Magic
 * Level 8.0 Ice Magic
 * Level 7.2 Evocations


You had 6 spell levels left.
You knew the following spells:

 Your Spells              Type           Power      Damage    Failure   Level
a - Freeze                Ice            100%       1d11      1%          1
b - Frozen Ramparts       Ice            100%       1d12      1%          3
c - Conjure Flame         Conj/Fire      45%        6-21      1%          3
e - Blade Hands           Tmut           24%        N/A       32%         6
r - Hailstorm             Conj/Ice       47%        3d11      2%          4
s - Summon Ice Beast      Ice/Summ       51%        N/A       1%          4
x - Blink                 Tloc           N/A        N/A       3%          2
y - Ozocubu's Armour      Ice            51%        N/A       1%          3
Y - Ice Form              Ice/Tmut       50%        N/A       1%          4

Your spell library contained the following spells:

 Spells                   Type           Power      Damage    Failure   Level
 Beastly Appendage        Tmut           98%        N/A       1%          1
 Foxfire                  Conj/Fire      100%       2x1d9     1%          1
 Magic Dart               Conj           100%       1d8       1%          1
 Call Imp                 Summ           50%        N/A       1%          2
 Searing Ray              Conj           84%        3d6       1%          2
 Wereblood                Tmut           49%        N/A       1%          2
 Dazzling Flash           Conj/Hex       56%        N/A       3%          3
 Spider Form              Tmut/Pois      15%        N/A       3%          3
 Gell's Gravitas          Tloc           11%        N/A       6%          3
 Lesser Beckoning         Tloc           11%        N/A       6%          3
 Mephitic Cloud           Conj/Pois/Air  23%        N/A       6%          3
 Teleport Other           Tloc           23%        N/A       6%          3
 Slow                     Hex            13%        N/A       7%          2
 Iskenderun's Mystic Bla  Conj/Tloc      33%        2d8       9%          4
 Fulminant Prism          Conj/Hex       14%        3d9       13%         4
 Freezing Cloud           Conj/Ice/Air   18%        6-21      19%         5
 Passage of Golubria      Tloc           N/A        N/A       21%         4
 Metabolic Englaciation   Hex/Ice        16%        N/A       24%         5
 Cause Fear               Hex            6%         N/A       41%         4
 Simulacrum               Ice/Necr       16%        N/A       80%         6
 Ozocubu's Refrigeration  Ice            25%        4d10      82%         7
 Dragon Form              Tmut           24%        N/A       87%         7
 Dragon's Call            Summ           25%        N/A       100%        9


Dungeon Overview and Level Annotations

Branches:
Dungeon (13/15)            Temple (1/1) D:6            Lair (6/6) D:9
 Shoals (0/4) Lair:3       Spider (1/4) Lair:2        Slime (0/5) Lair:6
    Orc (2/2) D:12            Elf (0/3) Orc:2       Gauntlet (visited)
 Vaults: D:13-14

Altars:
Ashenzari
Cheibriados
Dithmenos
Elyvilon
Fedhas
Gozag
Hepliaklqana
Kikubaaqudgha
Makhleb
Nemelex Xobeh
Okawaru
Qazlal
Ru
Sif Muna
Trog
Uskayaw
Wu Jian
Xom
Yredelemnul
Zin
The Shining One

Shops:
D:5 =   D:8 :   Orc:2 (*x[=

Annotations:
D:6 2 transporters, exclusion: wraith, RamboRex's ghost, novice GrBe
D:7 exclusion: door


Innate Abilities, Weirdness & Mutations

You can breathe blasts of fire.
Your fiery red scales are hard. (AC +8)
You cannot fit into any form of body armour.
Your flesh is heat resistant. (rF+)
You are cold-blooded and may be slowed by cold attacks.


Message History

The wall freezes the tarantella.
The tarantella bites you but does no damage.
The wall freezes the wolf spider.
The wolf spider hits you but does no damage.
The wolf spider bites you!
* * * LOW HITPOINT WARNING * * *
Unknown command.
You punch the wolf spider! You freeze the wolf spider.
The wolf spider is almost dead.
The wall freezes the tarantella.
The tarantella bites you!
* * * LOW HITPOINT WARNING * * *
The wall freezes the wolf spider!
The wolf spider hits you.
* * * LOW HITPOINT WARNING * * *
The wolf spider bites you.
* * * LOW HITPOINT WARNING * * *
The wall freezes the tarantella.
The tarantella bites you but does no damage.
You feel much better.
You warm up again.
Your scarf of invisibility unmelds from your body.
Your +2 hat unmelds from your body.
Your +2 pair of gloves of archery unmelds from your body.
Your +2 pair of boots of rampaging unmelds from your body.
Your +0 buckler unmelds from your body.
You become transparent for a moment.
You feel that your aim is more steady.
You feel ready to rampage towards enemies.
The wall freezes the wolf spider.
The wolf spider closely misses you. The wolf spider barely misses you.
The wall freezes the tarantella.
The tarantella closely misses you.
The wall freezes the wolf spider.
The wolf spider hits you!
* * * LOW HITPOINT WARNING * * *
The wolf spider bites you but does no damage.
Unknown command.
You hit the wolf spider but do no damage.
You tail-slap the wolf spider.
The wolf spider is almost dead.
The wall freezes the tarantella.
The tarantella bites you but does no damage.
The wall freezes the wolf spider.
The wolf spider hits you!
You die...

## #. ##. #.. ###$.
#.# .##s... #.##
#.....s## ##..#
...####.# ##...# ..
....B...###....##....
....s....#@......#
........#ss...####
.......##....#.#
............#.##
.....^##......#
.....###.....## .....
#.......## ...
##......^.##
#..........#


You could see a wolf spider and a tarantella.

Vanquished Creatures
  Jorgrun (Orc:1)
  An orc warlord (Orc:2)
  A minotaur (Gauntlet)
  3 dire elephants (Lair:6)
  An anaconda (Lair:6)
  5 two-headed ogres
  An ogre mage (Orc:2)
  2 orc high priests (Orc:2)
  An unseen horror (shapeshifter) (D:13)
  An unseen horror (D:7)
  Pikel (D:7)
  3 orc knights
  A wolf spider (Lair:2)
  A manticore (D:12)
  An ugly thing (D:12)
  5 orc sorcerers
  An oklob plant (Lair:4)
  A cyclops (Orc:2)
  An ice statue (D:8)
  5 black mambas
  7 elephants
  A gargoyle (D:11)
  5 cane toads
  Psyche (D:8)
  4 komodo dragons
  An efreet (Gauntlet)
  3 trolls
  A troll (shapeshifter) (D:12)
  3 polar bears
  3 dream sheep (Lair:6)
  A wind drake (Lair:3)
  A hornet (D:11)
  7 blink frogs
  9 slime creatures
  2 centaur simulacra (Gauntlet)
  4 redbacks
  A wraith (D:12)
  A wyvern (Lair:3)
  A fire elemental (Gauntlet)
  30 yaks
  A basilisk (Lair:2)
  2 steam dragons
  2 vampire mosquitoes (Lair:4)
  Menkaure (D:7)
  A harpy simulacrum (Gauntlet)
  A warg (Orc:2)
  2 insubstantial wisps (Lair:4)
  A hell hound (Gauntlet)
  A removed soldier ant (D:12)
  15 water moccasins
  A swamp drake (Lair:4)
  30 orc warriors
  An ice beast (D:7)
  A phantom (D:9)
  4 black bears
  2 sky beasts
  10 ogres
  10 centaurs
  14 wolves
  A lemure (D:7)
  11 kobold brigands (D:6)
  A gnoll sergeant (D:8)
  22 bullfrogs
  A hornet simulacrum (Gauntlet)
  2 scorpions (D:4)
  A wyvern skeleton (D:12)
  4 killer bees (D:8)
  4 wights
  4 howler monkeys
  12 electric eels
  A quasit (D:9)
  5 hounds
  10 orc priests
  17 orc wizards
  4 bullfrog skeletons
  8 iguanas
  10 removed worker ants
  Natasha (thrice) (D:3)
  6 hell rats (Lair:2)
  A killer bee zombie (D:6)
  A bullfrog simulacrum (Gauntlet)
  A hound zombie (D:7)
  A hound skeleton (D:7)
  10 gnolls
  A howler monkey skeleton (D:4)
  15 adders
  10 river rats (Lair:2)
  A shadow imp (D:7)
  4 white imps
  4 endoplasms
  2 adder zombies
  An adder skeleton (D:4)
  2 worms (D:3)
  3 dart slugs (D:1)
  51 orcs
  5 removed leopard geckos
  3 ball pythons
  5 giant cockroaches
  9 goblins
  12 hobgoblins
  16 jackals
  41 kobolds
  14 quokkas
  7 bats
  3 frilled lizards
  A giant cockroach zombie (D:1)
  A quokka skeleton (D:9)
  20 rats
  A removed leopard gecko skeleton (D:9)
596 creatures vanquished.

Vanquished Creatures (collateral kills)
  A dire elephant (Lair:6)
  A hydra (Lair:2)
  3 two-headed ogres
  A lindwurm (Lair:4)
  2 elephants (Lair:2)
  A rime drake (Lair:6)
  2 cane toads
  A komodo dragon (Lair:2)
  4 trolls
  A meliai zombie (D:12)
  2 slime creatures (D:12)
  2 blink frogs (Lair:1)
  8 dream sheep
  A spriggan (D:12)
  10 yaks
  A fire elemental (Gauntlet)
  A wyvern (D:10)
  A basilisk (Lair:5)
  A steam dragon (Lair:2)
  2 vampire mosquitoes (Lair:4)
  2 acid dragons
  2 wargs (Orc:2)
  2 orc warriors
  A necrophage (D:10)
  2 ogres
  A phantom (D:7)
  2 centaurs (D:10)
  A kobold brigand (D:12)
  3 bullfrogs
  A hornet simulacrum (Gauntlet)
  2 killer bees (D:8)
  A wyvern skeleton (D:12)
  2 wights (D:11)
  A howler monkey (D:12)
  2 centaur zombies
  2 jellies (Lair:6)
  2 orc priests
  An orc wizard (Orc:1)
  2 centaur simulacra (Gauntlet)
  2 gnolls (D:8)
  An adder (D:12)
  2 shadow imps
  An endoplasm (Lair:6)
  6 orcs
  A kobold (D:12)
91 creatures vanquished.

Vanquished Creatures (others)
  A jackal (D:8)
  A demonic plant (Gauntlet)
  38 fungi
  60 plants
100 creatures vanquished.

Grand Total: 787 creatures vanquished

Notes
Turn   | Place    | Note
-------+----------+-------------------------------------------
     0 | D:1      | MordorOrchid the Draconian Ice Elementalist began the quest
                  | for the Orb.
     0 | D:1      | Reached XP level 1. HP: 14/14 MP: 3/3
   268 | D:1      | Reached XP level 2. HP: 15/22 MP: 0/5
   727 | D:1      | Reached skill level 1 in Fighting
   778 | D:1      | Reached XP level 3. HP: 28/28 MP: 4/6
   793 | D:1      | Learned a level 3 spell: Frozen Ramparts
  1411 | D:2      | Reached skill level 3 in Spellcasting
  1493 | D:2      | Reached XP level 4. HP: 35/35 MP: 4/8
  1650 | D:2      | Found a shimmering altar of Xom.
  1650 | D:2      | Noticed an angel
  1651 | D:2      | Found a glowing silver altar of Zin.
  2106 | D:3      | Reached XP level 5. HP: 40/40 MP: 6/10
  2113 | D:3      | Noticed Natasha
  2121 | D:3      | Killed Natasha
  2200 | D:3      | Noticed Natasha
  2212 | D:3      | Killed Natasha
  2245 | D:3      | Noticed Natasha
  2256 | D:3      | Killed Natasha
  2257 | D:3      | Reached skill level 5 in Ice Magic
  2444 | D:3      | Learned a level 3 spell: Ozocubu's Armour
  2631 | D:3      | Reached skill level 4 in Spellcasting
  2850 | D:3      | Found a bloodstained altar of Trog.
  2853 | D:3      | Reached skill level 1 in Shields
  2854 | D:3      | Found a blossoming altar of Fedhas.
  2854 | D:3      | Found a snail-covered altar of Cheibriados.
  2949 | D:3      | Reached XP level 6. HP: 48/48 MP: 6/12
  3466 | D:4      | Found a transporter.
  3514 | D:4      | Found a transporter.
  3523 | D:4      | Your scales start taking on a fiery red colour.
  3523 | D:4      | Reached XP level 7. HP: 55/55 MP: 13/13
  3523 | D:4      | Gained mutation: Your flesh is heat resistant. (rF+) [Red
                  | Draconian growth]
  3711 | D:4      | Learned a level 4 spell: Summon Ice Beast
  4125 | D:4      | Reached skill level 5 in Spellcasting
  4125 | D:4      | Reached skill level 5 in Ice Magic
  4195 | D:4      | Reached skill level 1 in Summonings
  4293 | D:4      | Reached skill level 1 in Evocations
  4589 | D:5      | Entered Level 5 of the Dungeon
  4701 | D:5      | Learned a level 4 spell: Ice Form
  4741 | D:5      | Reached XP level 8. HP: 61/61 MP: 15/15
  4818 | D:5      | Found Yloutal's Jewellery Shop.
  5243 | D:5      | Found an opulent altar of Gozag.
  5393 | D:6      | Found a bloodstained altar of Trog.
  5402 | D:6      | Reached skill level 1 in Transmutations
  5478 | D:6      | Found a transporter.
  5479 | D:6      | Found a staircase to the Ecumenical Temple.
  5488 | D:6      | Found a transporter.
  5488 | D:6      | Noticed RamboRex's ghost (novice GrBe)
  5489 | D:6      | Noticed a red ugly thing
  5506 | Temple   | Entered the Ecumenical Temple
  5735 | Temple   | Became a worshipper of Ashenzari the Shackled
  6056 | D:6      | Reached skill level 6 in Spellcasting
  6320 | D:6      | Reached XP level 9. HP: 52/67 MP: 18/18
  6414 | D:6      | Found a sacrificial altar of Ru.
  7472 | D:7      | Reached skill level 7 in Spellcasting
  7483 | D:7      | Killed an unseen horror
  7946 | D:7      | Noticed Pikel
  7964 | D:7      | Killed Pikel
  7965 | D:7      | Reached skill level 5 in Dodging
  7965 | D:7      | Reached skill level 8 in Spellcasting
  7965 | D:7      | Reached XP level 10. HP: 65/73 MP: 22/22
  8068 | D:7      | Learned a level 4 spell: Hailstorm
  8072 | D:7      | Learned a level 3 spell: Conjure Flame
  8168 | D:7      | Noticed Menkaure
  8181 | D:7      | Killed Menkaure
  9021 | D:8      | Found an iron altar of Okawaru.
  9042 | D:8      | Noticed Psyche
  9043 | D:8      | Reached skill level 1 in Fire Magic
  9053 | D:8      | Killed Psyche
  9054 | D:8      | Reached skill level 1 in Unarmed Combat
  9054 | D:8      | Reached skill level 1 in Conjurations
  9493 | D:8      | Found Wawn's Book Shop.
  9761 | D:8      | Noticed an ice statue
 10628 | D:8      | Killed an ice statue
 10629 | D:8      | Reached skill level 9 in Spellcasting
 11021 | D:9      | Reached * piety under Ashenzari
 11052 | D:9      | Noticed a two-headed ogre
 11059 | D:9      | Killed a two-headed ogre
 11060 | D:9      | Reached skill level 5 in Summonings
 11446 | D:9      | Found a staircase to the Lair.
 11500 | D:10     | Entered Level 10 of the Dungeon
 11664 | D:10     | Reached XP level 11. HP: 77/79 MP: 10/24
 12442 | D:10     | Reached skill level 5 in Evocations
 13060 | D:10     | Reached skill level 5 in Transmutations
 13298 | D:11     | Noticed a two-headed ogre
 13311 | D:11     | Killed a two-headed ogre
 13604 | D:11     | Noticed a two-headed ogre
 13613 | D:11     | Killed a two-headed ogre
 13754 | D:11     | Found a glowing golden altar of the Shining One.
 14302 | D:12     | Noticed a red ugly thing
 14329 | D:12     | Noticed a two-headed ogre
 14340 | D:12     | Killed a two-headed ogre
 14480 | D:12     | Killed a red ugly thing
 15944 | D:12     | Reached XP level 12. HP: 91/91 MP: 15/25
 16393 | D:12     | Found a staircase to the Orcish Mines.
 16923 | Lair:1   | Entered Level 1 of the Lair of Beasts
 16971 | Lair:1   | Found a gate leading to a gauntlet.
 16980 | Gauntlet | Entered a Gauntlet
 16980 | Gauntlet | Found a transporter.
 16980 | Gauntlet | Found a transporter.
 17071 | Gauntlet | Found a transporter.
 17071 | Gauntlet | Found a transporter.
 17079 | Gauntlet | Noticed a catoblepas
 17080 | Gauntlet | Found a transporter.
 17081 | Gauntlet | Identified the ring "Luor" {*Corrode Int+5 Slay+3 SInv}
 17099 | Gauntlet | Found a transporter.
 17103 | Gauntlet | Found a transporter.
 17109 | Gauntlet | Found a transporter.
 17109 | Gauntlet | Found a transporter.
 17127 | Gauntlet | Noticed a great orb of eyes
 17140 | Gauntlet | Found a transporter.
 17152 | Gauntlet | Found a transporter.
 17190 | Gauntlet | Found a transporter.
 17200 | Gauntlet | Found the +6 arbalest "Damnation" {damnation}
 17205 | Gauntlet | Found a transporter.
 17227 | Gauntlet | Found a transporter.
 17322 | Gauntlet | Found a transporter.
 17336 | Gauntlet | Found a transporter.
 17802 | Gauntlet | Reached skill level 5 in Fire Magic
 17807 | Gauntlet | Learned a level 2 spell: Blink
 17872 | Gauntlet | Identified the +4 war axe "Lokilous" {venom, Int-4 Dex+4}
 17872 | Gauntlet | Noticed a minotaur
 17882 | Gauntlet | Killed a minotaur
 17915 | Lair:1   | Reached ** piety under Ashenzari
 17978 | Lair:1   | Reached skill level 10 in Spellcasting
 18550 | Lair:2   | Reached skill level 5 in Fighting
 18967 | Lair:2   | Noticed a seven-headed hydra
 18974 | Lair:2   | Killed a seven-headed hydra
 19200 | Lair:2   | Found a hole to the Spider Nest.
 19211 | Lair:2   | Reached skill level 5 in Unarmed Combat
 19211 | Lair:2   | Reached skill level 1 in Translocations
 19587 | Lair:2   | Reached XP level 13. HP: 101/101 MP: 27/27
 19872 | Lair:3   | Found a staircase to the Shoals.
 19930 | Lair:3   | Reached skill level 5 in Conjurations
 19953 | Lair:3   | Reached *** piety under Ashenzari
 20843 | Lair:4   | Learned a level 6 spell: Blade Hands
 21048 | Lair:4   | Reached **** piety under Ashenzari
 21070 | Lair:4   | Upgraded the game from 0.26-a0-962-g9b92081034 to
                  | 0.26-a0-969-g2c58977ddd
 21879 | Lair:6   | Entered Level 6 of the Lair of Beasts
 22460 | Lair:6   | HP: 5/102 [yak (15)]
 22957 | Lair:6   | Found a staircase to the Slime Pits.
 23276 | Lair:6   | Noticed a dire elephant
 23288 | Lair:6   | HP: 4/103 [dire elephant (4)]
 23289 | Lair:6   | Killed a dire elephant
 23661 | Lair:6   | Noticed a dire elephant
 23661 | Lair:6   | Noticed a dire elephant
 23662 | Lair:6   | Identified the ring "Qizxoibb" {+Blink rElec AC+4 Int+2}
 23697 | Lair:6   | Killed a dire elephant
 23699 | Lair:6   | Killed a dire elephant
 23782 | Lair:6   | Upgraded the game from 0.26-a0-969-g2c58977ddd to
                  | 0.26-a0-976-gd3b5134375
 23852 | Lair:6   | Noticed a dire elephant
 23895 | Lair:6   | HP: 4/103 [dire elephant (13)]
 23899 | Lair:6   | Killed a dire elephant
 24504 | Orc:1    | Entered Level 1 of the Orcish Mines
 24729 | Orc:1    | Noticed Jorgrun
 24759 | Orc:1    | Killed Jorgrun
 24760 | Orc:1    | Reached skill level 11 in Spellcasting
 24760 | Orc:1    | Reached XP level 14. HP: 96/111 MP: 18/29
 25047 | Orc:1    | Reached ***** piety under Ashenzari
 25316 | Orc:2    | Entered Level 2 of the Orcish Mines
 25471 | Orc:2    | Found a staircase to the Elven Halls.
 26067 | Orc:2    | Noticed an orc warlord
 26202 | Orc:2    | Killed an orc warlord
 26456 | Orc:2    | Paralysed by an orc sorcerer for 6 turns
 26939 | Orc:2    | Reached skill level 5 in Shields
 27129 | Orc:2    | Found Ugec's Antique Armour Shop.
 27205 | Orc:2    | Found Cogreaqe's Gadget Shoppe.
 27210 | Orc:2    | Found Vaquu's Jewellery Emporium.
 27438 | Orc:2    | Found Nemish's General Store.
 27521 | Orc:2    | Bought a scroll of teleportation for 36 gold pieces
 27651 | Orc:2    | Found Coingot's Antique Weapon Emporium.
 28288 | Orc:2    | Bought 2 potions of heal wounds for 120 gold pieces
 28288 | Orc:2    | Bought a +2 pair of gloves of archery for 258 gold pieces
 28331 | Orc:2    | Bought a pair of runed boots for 255 gold pieces
 28353 | Orc:2    | Bought a condenser vane for 560 gold pieces
 28355 | Orc:2    | Bought a wand of iceblast (8) for 168 gold pieces
 28355 | Orc:2    | Bought a wand of paralysis (8) for 140 gold pieces
 28355 | Orc:2    | Upgraded the game from 0.26-a0-976-gd3b5134375 to
                  | 0.26-a0-1079-g3a4175ecf3
 28355 | Orc:2    | Upgraded the game from 0.26-a0-1079-g3a4175ecf3 to
                  | 0.26-a0-1138-gef23d1325b
 28356 | Orc:2    | Upgraded the game from 0.26-a0-1138-gef23d1325b to
                  | 0.27-a0-46-g34d46f0a3f
 28360 | Orc:2    | Upgraded the game from 0.27-a0-46-g34d46f0a3f to
                  | 0.27-a0-202-gdcb3803577
 28360 | Orc:2    | Upgraded the game from 0.27-a0-202-gdcb3803577 to
                  | 0.27-a0-1200-g94dc6ad4cf
 28373 | Orc:2    | Identified the +8 quarterstaff "Tusoneqi" {spect, rPois
                  | Dex+3 Stlth-} (You found it on level 6 of the Lair of
                  | Beasts)
 28373 | Orc:2    | Upgraded the game from 0.27-a0-1200-g94dc6ad4cf to
                  | 0.27-a0-1272-g7c8ad2e407
 28639 | Spider:1 | Entered Level 1 of the Spider Nest
 28670 | Spider:1 | HP: 6/135 [wolf spider (4)]
 28672 | Spider:1 | Slain by a wolf spider

Illustrated notes

Levels and vault maps discovered:
D:1:      saegor_arrival_fortress, layout_basic
D:2:      layout_basic, grunt_temple_overflow_order_and_chaos_1,
          minmay_quantized
D:3:      layout_basic, grunt_temple_overflow_open, uniq_natasha
D:4:      gammafunk_steamed_eel, layout_loops_cross, minmay_surrounded
D:5:      layout_loops_ring, nicolae_overflow_hidden_temple, serial_shops, shop
D:6:      minmay_goblin_kobold_castle, layout_basic,
          nicolae_ru_the_path_less_chosen, minmay_temple_entry_trees,
          gammafunk_ghost_arena, trog_butcher_becter
D:7:      cheibrodos_two_vegetables, layout_basic, minmay_manual_mail,
          uniq_menkaure, uniq_pikel
D:8:      lemuel_ice_statue, layout_rooms, okawaru_ov_weapons_minmay,
          serial_shops, shop, lightli_orcish_oven, uniq_psyche
D:9:      layout_gridville, lair_entry_dummy
D:10:     layout_stronghold, hangedman_abyss_or_decor_stabs
D:11:     layout_cave_pools, basic_altar
D:12:     layout_rooms, orc_0_dummy, the_bakery
D:13:     layout_long_grid, erik_vaults_1
Temple:   oiseaux_autumnal_temple
Lair:1:   layout_regular_city, gauntlet_entry_generic, serial_bayou_lagoon_b,
          uniq_erica
Lair:2:   lemuel_ratsnest, layout_cave_pods, spider_nest_entry_funnel_web,
          serial_bayou_shore_b, lemuel_fruit_tree, serial_bayou_shore_a
Lair:3:   layout_layer_cave, minmay_shoals_entry_beasts, grunt_megastairs_3
Lair:4:   layout_small_grid, chequers_serial_rivers_micro_a, pond
Lair:5:   layout_cave_pods
Lair:6:   due_jungle_book, layout_small_grid, nicolae_slime_entry_slimehenge,
          grunt_megastairs_5
Spider:1: layout_chambers, uniq_louise
Orc:1:    layout_caves, nicolae_orc_sculptors_studio, uniq_jorgrun
Orc:2:    grunt_orc_gardens, layout_caves, grunt_orc_garden, grunt_orc_garden,
          grunt_orc_garden, grunt_orc_garden, serial_shops, shop,
          guppyfry_library_mini

Skill      XL: |  1  2  3  4  5  6  7  8  9 10 11 12 13 14 |
---------------+-------------------------------------------+-----
Fighting       | 1 2 3 5 6 7 |  7.4
Dodging        | 2 3 4 5 6 7 8 |  8.2
Spellcasting   | 3 4 5 6 8 9 10 11 | 11.6
Ice Magic      | 5 4 5 6 7 8 |  8.0
Shields        | 1 2 3 4 5 |  5.0
Summonings     | 1 2 4 5 6 7 |  7.7
Evocations     | 1 2 4 5 6 7 |  7.2
Transmutations | 2 4 5 6 7 |  7.4
Fire Magic     | 2 4 5 7 |  7.1
Unarmed Combat | 2 3 5 6 7 |  7.8
Conjurations   | 2 3 4 6 |  6.0
Translocations | 1 2 |  2.0
Stealth        | |  1.7

Action                   |  1- 3 |  4- 6 |  7- 9 | 10-12 | 13-15 || total
-------------------------+-------+-------+-------+-------+-------++-------
Melee: Unarmed           |    20 |       |       |   131 |   399 ||   550
       Tailslap          |     4 |     1 |     8 |    13 |    35 ||    61
       Dagger            |     8 |    35 |    32 |    57 |       ||   132
       Trident           |       |       |   109 |     4 |       ||   113
       Spear             |       |       |       |    23 |       ||    23
       Punch             |       |       |       |       |     3 ||     3
Throw: Dart              |       |       |     7 |    25 |       ||    32
 Cast: Freeze            |    27 |    26 |    30 |    52 |       ||   135
       Frozen Ramparts   |     9 |    25 |    64 |    96 |    63 ||   257
       Ozocubu's Armour  |       |       |     4 |    12 |    13 ||    29
       Summon Ice Beast  |       |       |     2 |   141 |    71 ||   214
       Hailstorm         |       |       |       |   103 |    52 ||   155
       Ice Form          |       |       |       |    16 |     9 ||    25
       Conjure Flame     |       |       |       |     5 |     1 ||     6
       Blink             |       |       |       |     1 |     5 ||     6
       Blade Hands       |       |       |       |       |    51 ||    51
Invok: Curse Item        |       |       |       |       |     5 ||     5
 Abil: Breathe Fire      |       |       |    14 |     8 |     2 ||    24
       End Transformatio |       |       |       |     3 |       ||     3
Evoke: Wand              |       |       |    17 |    15 |    12 ||    44
  Use: Scroll            |       |     1 |     8 |    12 |     9 ||    30
       Potion            |       |       |       |     1 |     3 ||     4
 Stab: Sleeping          |       |     3 |     4 |     2 |       ||     9
       Distracted        |       |       |       |     2 |     2 ||     4
Armor: Skin              |    11 |    17 |    44 |   101 |   113 ||   286
Dodge: Dodged            |    25 |    22 |   126 |   183 |   281 ||   637
Block: Buckler           |       |    10 |    36 |    55 |    26 ||   127

Table legend: (Time is in decaauts)
 A = Elapsed time spent in this place.
 B = Non-inter-level travel time spent in this place.
 C = Inter-level travel time spent in this place.
 D = Time resting spent in this place.
 E = Time spent auto-exploring this place.
 F = Levels seen in this place.
 G = Mean time per level.
                   A        B        C        D        E       F      G
               +--------+--------+--------+--------+--------+-----+--------+
         Total |  28758 |  26962 |   1796 |   3950 |  14661 |  24 | 1198.2 |
       Dungeon |  16985 |  16098 |    887 |    723 |  11966 |  13 | 1306.5 |
        Temple |    253 |    207 |     46 |      0 |    199 |   1 |  253.0 |
          Lair |   6615 |   6040 |    575 |   2238 |      0 |   6 | 1102.5 |
   Spider Nest |     31 |     31 |      0 |      0 |      0 |   1 |   31.0 |
  Orcish Mines |   3945 |   3658 |    287 |    929 |   2015 |   2 | 1972.5 |
      Gauntlet |    927 |    927 |      0 |     60 |    480 |   1 |  927.0 |
               +--------+--------+--------+--------+--------+-----+--------+

Top non-repeatable levels by time:
     D:7: 2054 daAuts
   Orc:1: 2008 daAuts
    D:12: 1991 daAuts
   Orc:2: 1937 daAuts
  Lair:6: 1874 daAuts
    D:10: 1868 daAuts
     D:6: 1750 daAuts
  Lair:2: 1684 daAuts
    D:11: 1417 daAuts
     D:4: 1389 daAuts
     D:8: 1304 daAuts
  Lair:5: 1126 daAuts
     D:3: 1122 daAuts
     D:1: 1089 daAuts
     D:2: 999 daAuts
